Workbook

Sheet ANEXO PROPUESTA ECONOMICALOTE1 
A1: VALOR UNITARIO NORMALIZADO. PROMEDIO DE LAS COTIZACIONES
A2: ALCALDIA LOCAL DE CUIDAD BOLIVAR -FDLCB
A3: ANEXO PROPUESTA ECONOMICA LOTE 1 DIDACTICOS
A4: ITEM | B4: PRODUCTO O SERVICIO | C4: ESPECIFICACION TECNICA | D4: UNIDAD DE MEDIDA A COTIZAR | E4: CANTIDAD A COTIZAR | F4: VALOR UNITARIO TECHO (IVA INCLUIDO) | G4: VALOR UNITARIO OFERTADO (IVA INCLUIDO)
A5: 1 | B5: TEATRINO MODULAR DE PISO EN MADERA | C5: TEATRINO ENSAMBLABLE ELABORADO EN MDF CON IMPRESIÓN SERIGRÁFICA EN POLICROMÍA A BASE DE TINTAS UV NO TÓXICAS Y ACABADO NATURAL. MEDIDAS MÍNIMAS 120 CMS DE ALTO * 40 CMS DE PROFUNDIDAD * 80 CMS DE ANCHO. INCLUYE DOS (2) CORTINAS. EMPAQUE: TULA EN TELA. | D5: UNIDAD | E5: 1 | F5: 480147
A6: 2 | B6: TITERES | C6: TÍTERES DE MANO, CONFECCIONADOS EN TELA SUAVE Y ANTIALÉRGICA LAVABLES, ACABADOS DEFINIDOS, CON MUY ALTO NIVEL DE DETALLE, CON BOCA ARTICULADA. ALTURA DE LOS TÍTERES: ENTRE 20 Y 30 CM. CON ORGANIZADOR DE MALETA O BOLSA EN TELA QUE GARANTICE EL ALMACENAMIENTO. | D6: CONJUNTO | E6: 1 | F6: 154542
A7: 3 | B7: ÁBACOS | C7: ELABORADOS EN MADERA -MEDIDAS MINIMAS APROX 12cm ancho, 25cm de largo y 32cm de alto, MULTICOLOR | D7: UNIDAD | E7: 1 | F7: 28950
A8: 4 | B8: AJEDREZ EN MADERA | C8: EN MADERA, 16 FICHAS DE CADA COLOR. TAMAÑO MEDIANO, MEDIDAS APROXIMADAS 40 CMS X 40 CMS | D8: UNIDAD | E8: 1 | F8: 79550
A9: 5 | B9: BLOQUES LÓGICOS | C9: COLOR (3): AZUL, AMARILLO Y ROJO, FORMA (4): CUADRADO, RECTÁNGULO, CÍRCULO Y TRIÁNGULO, TAMAÑO (2): GRANDE Y PEQUEÑO. GROSOR (2): GRUESO Y DELGADO. MATERIAL: PLÁSTICO DE ALTA CALIDAD. | D9: UNIDAD | E9: 1 | F9: 78000
A10: 6 | B10: CRUCIGRAMAS | C10: 1 TABLERO, 100 FICHAS MÍNIMO, 4 BASES PLÁSTICAS PARA UBICAR LAS LETRAS DE CADA JUGADOR, MEDIDAS MÍNIMAS 25 CMS * 25 CMS. | D10: UNIDAD | E10: 1 | F10: 97000
A11: 7 | B11: DOMINÓS | C11: 28 FICHAS EN PLÁSTICO DURO Y RÍGIDO , DECORADOS CON UN CLIP CIRCULAR METÁLICO EN EL MEDIO QUE LE PERMITE A LA FICHA GIRAR. ESTUCHE PLÁSTICO. MEDIDAS APROXIMADAS DE LAS FICHAS 4,4 CM X 2,CM X 5 MM. TAMAÑO GRANDE | D11: UNIDAD | E11: 1 | F11: 40995
A12: 8 | B12: JUEGOS DE PARQUÉS CON FICHAS Y DADOS | C12: MIDE 26 X 26CM APROXIMADAMENTE (AL CUADRADO) HECHO EN MADERA, NO MAGNÉTICO Y RESISTENTE. INCLUYE SUS FICHAS PARA 6 PUESTOS, COLORES DIFERENTES (4 CADA UNO) Y 2 DADOS, BUENOS ACABADOS | D12: UNIDAD | E12: 1 | F12: 61000
A13: 9 | B13: JUEGOS DE CONSTRUCCIÓN GIGANTES | C13: BLOQUES ELABORADOS EN POLIPROPILENO DE ALTA CALIDAD, GRANDES Y LIGEROS JUEGO DE 48 PIEZAS. MEDIDAS APROXIMADAS DE LAS PIEZAS MÁS GRANDES 30 CM DE LARGO X 15 CM DE ANCHO Y 9 CM DE ALTO. MEDIDAS APROXIMADAS DE LAS PIEZAS PEQUEÑAS 15 CM DE ANCHO X 15 CM DE LARGO Y 9 CM DE ALTO. ESTUCHE CON AGARRADERAS QUE NO SEA PLASTICO Y CREMALLERA RESISTENTE. | D13: UNIDAD | E13: 1 | F13: 189302
A14: 10 | B14: ARCILLA | C14: ARCILLA ARTISTICA. POR 500 GRAMOS, EMPACADA EN BOLSA PLÁSTICA | D14: UNIDAD | E14: 1 | F14: 12495
A15: 11 | B15: JUEGO RUMMIKUB | C15: CONTIENE 106 FICHAS, 4 TABLEROS E INSTRUCCIONES Y ESTUCHE | D15: UNIDAD | E15: 1 | F15: 107500
A16: 12 | B16: TAMGRAM EN MADERA | C16: ELABORADO EN MDF CON BORDES PERFECTAMENTE PULIDOS, PINTURA ATOXICA. CAJA CON 7 PIEZAS EN MADERA, FIGURAS GEOMÉTRICAS. BÁSICAS EMPAQUE CAJA EN MADERA. | D16: UNIDAD | E16: 1 | F16: 11950
... A153: 149 | B153: WILLY EL MAGO | C153: LITERATURA INFANTIL, QUE RESPETEN EL DERECHO DE AUTOR, EL LIBRO DEBE ESTAR EN IDIOMA ESPAÑOL LATINO. ORIGINAL DE LA CASA EDITORIAL | D153: Unidad | E153: 1 | F153: 53500
A154: TOTAL PROCESO SDIS LOTE 1 | F154: =SUM(F5:F153) -> 17851074 | G154: =SUM(G5:G153) -> 0
A156: NOTA 1: | B156: Para presentar la propuesta de forma correcta, se deberá diligenciar la pestaña denominada "ANEXO PROPUESTA ECONOMICALOTE1", "LA COLUMNA F" contiene los valores techo por cada uno de los ítems ; En LA COLUMNA G" se debe diligenciar el valor unitario ofertado, los cuales no podrán ser superados so pena de rechazo de la propuesta, los valores ofertados, deben incluir impuestos, IVA INCLUIDO, tasas y contribuciones a que haya lugar, así como todos los costos directos e indirectos relacionados con la suscripción, ejecución y liquidación del contrato.
A157: NOTA 2: | B157: Para diligenciar la propusta economica tener en cuenta que se debe revisar el Anexo tecnico de cada una de las especificaciones de los productos.
A158: NOTA 3: | B158: El diligenciamiento de la propuesta económica debe hacerse con valores enteros, sin decimales ni valores ocultos. En caso que la entidad identifique valores con decimales o valores ocultos, aplicara la regla de redondeo que consiste en: los valores que contengan decimales menores o iguales a 0,49 serán aproximados al entero inmediatamente anterior; los valores que contengan decimales mayores o iguales a 0,50 serán aproximados al entero inmediatamente siguiente. En el caso en que los valores ajustados bajo esta regla superen el "Total valor estimado por la entidad", la propuesta será rechazada.
A159: NOTA 4: | B159: El proponente deberá diligenciar los datos completos de la empresa este se diligenciarán en la parte inferior del "ANEXO PROPUESTA ECONOMICALOTE1" , el cual es el que debe presentar el proponente finalmente, como “ANEXO OFERTA ECONÓMICA”
A160: NOTA 5: | B160: En caso que sea necesario, la entidad se reserva el derecho a hacer correcciones aritméticas en las fórmulas u operaciones matematicas, valores de la propuesta que seran aceptados por los proponentes. En el caso en que los valores ajustados bajo esta regla superen el "Total valor estimado por la entidad", la propuesta será rechazada.
A161: NOTA 6: | B161: EL PRESENTE CONTRATO SE EJECUTARA A MONTO AGOTABLE TENIENDO EN CUENTA LAS CANTIDADES ESTABLECIDAS EN EL DOCUMENTO "ANEXO TECNICO" Y SEGÚN SOLICITUD DURANTE LA EJECUCION DEL CONTRATO, POR TANTO ESTA PROPUESTA ECONOMICA SE SOLICITA A PRECIO UNITARIO.
A162: NOTA 7: | B162: En caso que el oferente presente valores diferentes para un mismo elemento la propuesta sera rechazada.
A163: EL PRESUPUESTO OFICIAL PARA LA PRESENTE CONTRATACION CORRESPONDE A LA SUMA DE SETECIENTOS SETENTA Y CUATRO MILLONES QUINIENTOS SESENTA Y CINCO MIL CUATROCIENTOS TREINTA Y CINCO PESOS ($774.565.435) M/CTE
A164: Firma del representante legal:
A165: Nombre o Razón Social del Proponente:
A166: Nombre del representante legal: __________________________
A167: N.I.T: ___________
A168: C.C: ____________________
A169: Dirección: _______________________________________________
A170: Teléfonos: ______________________________________________
A171: e-mail: _________________________________________________

Sheet ANEXO PROPUESTA ECONOMICALOTE2
A1: VALOR UNITARIO NORMALIZADO. PROMEDIO DE LAS COTIZACIONES
A2: ALCALDIA LOCAL DE CUIDAD BOLIVAR -FDLCB
A3: ANEXO PROPUESTA ECONOMICA LOTE 2 ARTÍSTICOS
A4: ITEM | B4: PRODUCTO O SERVICIO | C4: ESPECIFICACION TECNICA | D4: UNIDAD DE MEDIDA A COTIZAR | E4: CANTIDAD A COTIZAR | F4: VALOR UNITARIO TECHO (IVA INCLUIDO) | G4: VALOR UNITARIO OFERTADO (IVA INCLUIDO)
A5: 1 | B5: BLOCK ORIGAMI | C5: 20 X 20 CMS. 50 HOJAS | D5: UNIDAD | E5: 1 | F5: 15983
A6: 2 | B6: BROCHA SINTETICA | C6: 2" BRUSH | D6: UNIDAD | E6: 1 | F6: 6250
A7: 3 | B7: KIT DE PINCELES EN MADERA PARA ACUARELA | C7: JUEGO DE PINCELES DE PINTURA DE MANGO LARGO (LONGITUD MEDIA: 11.8 PULGADAS) – 15 PINCELES DE PINTURA DE CERDAS SINTÉTICAS (LONGITUD MEDIA APROXIMADA: 12 PULGADAS) Y UN CEPILLO DE LAVADO PLANO DE 1 PULGADA. | D7: KIT | E7: 1 | F7: 20250
A8: 4 | B8: PAPEL ACUARELA | C8: 240 GRS 1/4 X 5 UND | D8: UNIDAD | E8: 1 | F8: 18025
A9: 5 | B9: TIZA COLORES SURTIDOS | C9: CAJA X 80 UNIDADES | D9: CAJA | E9: 1 | F9: 10000
A10: 6 | B10: ESCARCHA LIQUIDA | C10: 60 ML COLORES SURTIDOS | D10: UNIDAD | E10: 1 | F10: 28995
A11: 7 | B11: LANA ROLLO | C11: COLORES SURTIDO | D11: UNIDAD | E11: 1 | F11: 9425
A12: 8 | B12: PAPEL ALUMINIO | C12: ROLLO 100 MTS GROSOR 0,2 MM | D12: UNIDAD | E12: 1 | F12: 28495
A13: 9 | B13: PAPEL SEDA | C13: PLIEGO DE 51 x 76 CM. 17 GR ALTA RESISTENCIA A LA DECOLORACION PROVOCADA POR LA LUZ Y EL AGUA | D13: UNIDAD | E13: 1 | F13: 770
A14: 10 | B14: PAPEL CANSON | C14: PLIEGO DE 250 G/M2 CLACO NATURAL | D14: UNIDAD | E14: 1 | F14: 1281
A15: 11 | B15: PAPEL INGRES | C15: PLIEGO 50 x 70 CM 160 GR | D15: UNIDAD | E15: 1 | F15: 1085
A16: 12 | B16: PAPEL CALIPSO | C16: PLIEGO 50 x 70 CM 26 G X m2 | D16: UNIDAD | E16: 1 | F16: 2550
... A22: 18 | B22: TRAJES TÍPICOS FOLCRORICOS | C22: CONJUNTO DE 10 TRAJES TIPICOS (5 PARA NIÑAS, 5 PARA NIÑOS) PARA NIÑAS: BLUSA Y FALDA. TALLAS 8 HASTA 16 ESTÁ FORMADO POR UNA BLUSA BLANCA Y EN CORTE BANDEJA ELABORADA EN ENCAJES Y EN RANDAS Y ADORNADA CON APLICACIONES DE PAILLETES. ES ENTALLADA CON CREMALLERA DETRÁS. LA FALDA ESTÁ FABRICADA EN SATÉN CON COLORES VIVOS Y SU LARGO ES A MEDIA PIERNA LA FALDA ESTÁ ADORNADA CON MOTIVOS FLORALES. PARA EL NIÑO: CAMISA, PANTALON Y ACCESORIOS. TALLAS 8 HASTA LA 16 LA CAMISA CON CUELLO ABIERTO, BOTONERA CENTRADA EN EL PECHO, PANTALÓN DE PRENSES EN COLOR NEGRO O BLANCO. COMO ACCESORIOS, SE USA EL RABO DE GALLO O PAÑUELO DE SEDA Y EL CINTURÓN DE CUERO. | D22: CONJUNTO | E22: 1 | F22: 155000
A23: TOTAL PROCESO SDIS LOTE 2 | F23: =SUM(F5:F22) -> 652857 | G23: =SUM(G5:G22) -> 0
A25: NOTA 1: | B25: Para presentar la propuesta de forma correcta, se deberá diligenciar la pestaña denominada "ANEXO PROPUESTA ECONOMICALOTE2", "LA COLUMNA F" contiene los valores techo por cada uno de los ítems ; En LA COLUMNA G" se debe diligenciar el valor unitario ofertado, los cuales no podrán ser superados so pena de rechazo de la propuesta, los valores ofertados, deben incluir impuestos, IVA INCLUIDO, tasas y contribuciones a que haya lugar, así como todos los costos directos e indirectos relacionados con la suscripción, ejecución y liquidación del contrato.
A26: NOTA 2: | B26: Para diligenciar la propusta economica tener en cuenta que se debe revisar el Anexo tecnico de cada una de las especificaciones de los productos.
A27: NOTA 3: | B27: El diligenciamiento de la propuesta económica debe hacerse con valores enteros, sin decimales ni valores ocultos. En caso que la entidad identifique valores con decimales o valores ocultos, aplicara la regla de redondeo que consiste en: los valores que contengan decimales menores o iguales a 0,49 serán aproximados al entero inmediatamente anterior; los valores que contengan decimales mayores o iguales a 0,50 serán aproximados al entero inmediatamente siguiente. En el caso en que los valores ajustados bajo esta regla superen el "Total valor estimado por la entidad", la propuesta será rechazada.
A28: NOTA 4: | B28: El proponente deberá diligenciar los datos completos de la empresa este se diligenciarán en la parte inferior del "ANEXO PROPUESTA ECONOMICALOTE1" , el cual es el que debe presentar el proponente finalmente, como “ANEXO OFERTA ECONÓMICA”
A29: NOTA 5: | B29: En caso que sea necesario, la entidad se reserva el derecho a hacer correcciones aritméticas en las fórmulas u operaciones matematicas, valores de la propuesta que seran aceptados por los proponentes. En el caso en que los valores ajustados bajo esta regla superen el "Total valor estimado por la entidad", la propuesta será rechazada.
A30: NOTA 6: | B30: EL PRESENTE CONTRATO SE EJECUTARA A MONTO AGOTABLE TENIENDO EN CUENTA LAS CANTIDADES ESTABLECIDAS EN EL DOCUMENTO "ANEXO TECNICO" Y SEGÚN SOLICITUD DURANTE LA EJECUCION DEL CONTRATO, POR TANTO ESTA PROPUESTA ECONOMICA SE SOLICITA A PRECIO UNITARIO.
A31: NOTA 7: | B31: En caso que el oferente presente valores diferentes para un mismo elemento la propuesta sera rechazada.
A32: =+'ANEXO PROPUESTA ECONOMICALOTE1 '!A163 -> EL PRESUPUESTO OFICIAL PARA LA PRESENTE CONTRATACION CORRESPONDE A LA SUMA DE SETECIENTOS SETENTA Y CUATRO MILLONES QUINIENTOS SESENTA Y CINCO MIL CUATROCIENTOS TREINTA Y CINCO PESOS ($774.565.435) M/CTE
A33: =+'ANEXO PROPUESTA ECONOMICALOTE1 '!A164 -> Firma del representante legal:
A34: =+'ANEXO PROPUESTA ECONOMICALOTE1 '!A165 -> Nombre o Razón Social del Proponente:
A35: =+'ANEXO PROPUESTA ECONOMICALOTE1 '!A166 -> Nombre del representante legal: __________________________
A36: =+'ANEXO PROPUESTA ECONOMICALOTE1 '!A167 -> N.I.T: ___________
A37: =+'ANEXO PROPUESTA ECONOMICALOTE1 '!A168 -> C.C: ____________________
A38: =+'ANEXO PROPUESTA ECONOMICALOTE1 '!A169 -> Dirección: _______________________________________________
A39: =+'ANEXO PROPUESTA ECONOMICALOTE1 '!A170 -> Teléfonos: ______________________________________________
A40: =+'ANEXO PROPUESTA ECONOMICALOTE1 '!A171 -> e-mail: _________________________________________________

Sheet ANEXO PROPUESTA ECONOMICALOTE3
A1: VALOR UNITARIO NORMALIZADO. PROMEDIO DE LAS COTIZACIONES
A2: ALCALDIA LOCAL DE CUIDAD BOLIVAR -FDLCB
A3: ANEXO PROPUESTA ECONOMICA LOTE 3 DEPORTIVOS
A4: ITEM | B4: PRODUCTO O SERVICIO | C4: ESPECIFICACION TECNICA | D4: UNIDAD DE MEDIDA A COTIZAR | E4: CANTIDAD A COTIZAR | F4: VALOR UNITARIO TECHO (IVA INCLUIDO) | G4: VALOR UNITARIO OFERTADO (IVA INCLUIDO)
A5: 1 | B5: BALÓN DE FUTBOL 11 | C5: Balón de futbol once (11): No. 4; Producto fabricado en cubierta en cuero PU PVC 2.5 mm de excelente calidad, con pesos de 400 gr, 32 paneles, cámara de butilo, rebote de 100 cm, micro cosido a máquina, circunferencia de 63 cm y diámetro de 22 cm | D5: UNIDAD | E5: 1 | F5: 78000
A6: 2 | B6: BALÓN PARA FUTBOL SALA | C6: Compra de Balón profesional de Futbol sala, No 3 – 3.5, avalado por la AMF para competencia internacional, construido en tecnología thermotech, enmallado 100% en hilo de nylon que permite total circun-ferencia, cubierta en cuero PU, de circunferen-cia de 60 a 62 cms, peso 440 a 450 grs. | D6: UNIDAD | E6: 1 | F6: 98334
A7: 3 | B7: LAZOS | C7: MATERIAL: NAILON Y PLÁSTICO. MANGOS DE PLÁSTICO RESISTENTE DE APROXIMADAMENTE 13 CM DE LARGO. CUERDA PARA SALTO MUY RESISTENTE Y LIVIANA. MEDIDAS APROXIMADAS DE LARGO ENTRE 2.50 MT A 3 MT | D7: UNIDAD | E7: 1 | F7: 13500
A8: 4 | B8: PELOTAS PLÁSTICAS | C8: SET DE PELOTAS EN COLORES BRILLANTES RESISTENTES POR 100 UNIDADES, MATERIAL PLÁSTICO. PELOTAS INFLADAS AL CALOR SUAVES. DIÁMETRO DE 8 CMS | D8: SET | E8: 1 | F8: 70000
A9: 5 | B9: PELOTAS DE TENIS, PARA EJERICICIO DE COORDINACIÓN VISOMANUAL | C9: PELOTA ESTANDAR, DIÁMETRO APROXIMADO ENTRE 6.35 CMS Y 6.67 CMS, DE COLOR AMARILLO | D9: UNIDAD | E9: 1 | F9: 10750
A10: 6 | B10: ESCALERA DEPORTIVA EJERCICIOS DE COORDINACIÓN VISOPEDICA | C10: FABRICADA EN REATA CON DIVISIONES EN NYLON. MEDIDAS APROXIMADAS DE 4 METROS DE LARGO X 40 CM DE ANCHO Y 10 CUADROS DE DIVISIÓN | D10: UNIDAD | E10: 1 | F10: 58000
A11: 7 | B11: TWISTER | C11: 1 TAPETE TWISTER 1 RULETA CON BASE Y FLECHA INSTRUCTIVO - PLASTICO TIPO LONA | D11: UNIDAD | E11: 1 | F11: 119667
A12: 8 | B12: JUEGO DE BOLOS | C12: 10 BOLOS PLASTICOS DE GRAN RESISTENCIA CON 2 PELOTAS EN PLASTICO. ALTURA APROXIMADA DE LOS PINES DE 25 CMS | D12: CONJUNTO | E12: 1 | F12: 75000
A13: 9 | B13: MESA DE PING PONG | C13: MESA DE PING PONG PLEGABLE, RESISTENTE Y DURABLE; SUPERFICIE DE LA MESA UNIFORMEMENTE LISA,.MEDIDAS APROXIMADAS: 150 x 270 x 80 cm. CONTIENE LA MALLA. PLEGADOY ALMACENAJE FACIL, QUE LLEVE RUEDAS EN LAS PATAS DE LA MESA | D13: UNIDAD | E13: 1 | F13: 2200000
A14: 10 | B14: RAQUETA TENIS DE MESA | C14: MATERIAL: FABRICADA EN GOMA Y MADERA INCLUYE 3 PELOTAS Y 2 RAQUETAS. | D14: CONJUNTO | E14: 1 | F14: 91000
A15: 11 | B15: BALÓN DE PILATEX | C15: BALÓN PARA REALIZAR YOGA, PILATES, EJERCICIO FUNCIONAL. DIAMETRO DE 75CM INCLUYE BOMBA | D15: UNIDAD | E15: 1 | F15: 62667
A16: 12 | B16: KIT PROFESIONAL DE BOXEO | C16: BOLSA DE BOXEO GUANTES Y GANCHO COLGADOR TAMAÑO MEDIANO EN CUERO SINTÉTICO | D16: CONJUNTO | E16: 1 | F16: 365000
... A26: 22 | B26: COLCHONETA PARA CUNA | C26: COLCHONETA PARA CUNA DE 120 X 60 X 10 CMS, EN ESPUMA FLEXIBLE DENSIDAD 26, FORRADA EN LONA KODRA AZUL OSCURO TEXTIL: 100 % PVC, FILAMENTOS DE POLIESTER 30%, PARTICIPACION DEL RECUBRIMIENTO 70%. IMPERMEABLE 100%, FLEXIBLE, ANTIDESLIZANTE, CREMALLERA EN L Y DOS (2) RESPIRADORES AL LADO CONTRARIO DE LA CREMALLERA. | D26: UNIDAD | E26: 1 | F26: 335000
A27: TOTAL PROCESO SDIS LOTE 3 | F27: =SUM(F5:F26) -> 4543385 | G27: =SUM(G5:G26) -> 0
A29: NOTA 1: | B29: Para presentar la propuesta de forma correcta, se deberá diligenciar la pestaña denominada "ANEXO PROPUESTA ECONOMICALOTE3", "LA COLUMNA F" contiene los valores techo por cada uno de los ítems ; En LA COLUMNA G" se debe diligenciar el valor unitario ofertado, los cuales no podrán ser superados so pena de rechazo de la propuesta, los valores ofertados, deben incluir impuestos, IVA INCLUIDO, tasas y contribuciones a que haya lugar, así como todos los costos directos e indirectos relacionados con la suscripción, ejecución y liquidación del contrato.
A30: NOTA 2: | B30: Para diligenciar la propusta economica tener en cuenta que se debe revisar el Anexo tecnico de cada una de las especificaciones de los productos.
A31: NOTA 3: | B31: El diligenciamiento de la propuesta económica debe hacerse con valores enteros, sin decimales ni valores ocultos. En caso que la entidad identifique valores con decimales o valores ocultos, aplicara la regla de redondeo que consiste en: los valores que contengan decimales menores o iguales a 0,49 serán aproximados al entero inmediatamente anterior; los valores que contengan decimales mayores o iguales a 0,50 serán aproximados al entero inmediatamente siguiente. En el caso en que los valores ajustados bajo esta regla superen el "Total valor estimado por la entidad", la propuesta será rechazada.
A32: NOTA 4: | B32: El proponente deberá diligenciar los datos completos de la empresa este se diligenciarán en la parte inferior del "ANEXO PROPUESTA ECONOMICALOTE1" , el cual es el que debe presentar el proponente finalmente, como “ANEXO OFERTA ECONÓMICA”
A33: NOTA 5: | B33: En caso que sea necesario, la entidad se reserva el derecho a hacer correcciones aritméticas en las fórmulas u operaciones matematicas, valores de la propuesta que seran aceptados por los proponentes. En el caso en que los valores ajustados bajo esta regla superen el "Total valor estimado por la entidad", la propuesta será rechazada.
A34: NOTA 6: | B34: EL PRESENTE CONTRATO SE EJECUTARA A MONTO AGOTABLE TENIENDO EN CUENTA LAS CANTIDADES ESTABLECIDAS EN EL DOCUMENTO "ANEXO TECNICO" Y SEGÚN SOLICITUD DURANTE LA EJECUCION DEL CONTRATO, POR TANTO ESTA PROPUESTA ECONOMICA SE SOLICITA A PRECIO UNITARIO.
A35: NOTA 7: | B35: En caso que el oferente presente valores diferentes para un mismo elemento la propuesta sera rechazada.
A36: =+'ANEXO PROPUESTA ECONOMICALOTE1 '!A163 -> EL PRESUPUESTO OFICIAL PARA LA PRESENTE CONTRATACION CORRESPONDE A LA SUMA DE SETECIENTOS SETENTA Y CUATRO MILLONES QUINIENTOS SESENTA Y CINCO MIL CUATROCIENTOS TREINTA Y CINCO PESOS ($774.565.435) M/CTE
A37: =+'ANEXO PROPUESTA ECONOMICALOTE1 '!A164 -> Firma del representante legal:
A38: =+'ANEXO PROPUESTA ECONOMICALOTE1 '!A165 -> Nombre o Razón Social del Proponente:
A39: =+'ANEXO PROPUESTA ECONOMICALOTE1 '!A166 -> Nombre del representante legal: __________________________
A40: =+'ANEXO PROPUESTA ECONOMICALOTE1 '!A167 -> N.I.T: ___________
A41: =+'ANEXO PROPUESTA ECONOMICALOTE1 '!A168 -> C.C: ____________________
A42: =+'ANEXO PROPUESTA ECONOMICALOTE1 '!A169 -> Dirección: _______________________________________________
A43: =+'ANEXO PROPUESTA ECONOMICALOTE1 '!A170 -> Teléfonos: ______________________________________________
A44: =+'ANEXO PROPUESTA ECONOMICALOTE1 '!A171 -> e-mail: _________________________________________________

Sheet ANEXO PROPUESTA ECONOMICALOTE4
A1: VALOR UNITARIO NORMALIZADO. PROMEDIO DE LAS COTIZACIONES
A2: ALCALDIA LOCAL DE CUIDAD BOLIVAR -FDLCB
A3: ANEXO PROPUESTA ECONOMICA LOTE 4- MUSICALES
A4: ITEM | B4: PRODUCTO O SERVICIO | C4: ESPECIFICACION TECNICA | D4: UNIDAD DE MEDIDA A COTIZAR | E4: CANTIDAD A COTIZAR | F4: VALOR UNITARIO TECHO (IVA INCLUIDO) | G4: VALOR UNITARIO OFERTADO (IVA INCLUIDO)
A5: 1 | B5: CLAVES | C5: INSTRUMENTO DE PERSECUCIÓN EN MADERA FORMADO POR PAR DE BASTONES CILÍNDRICOS LLAMADO CLAVES. LACADAS AL NATURAL ATOXICA CON MEDIDA MÍNIMA DE 20 CMS X 2.5 CM. | D5: UNIDAD | E5: 1 | F5: 12000
A6: 2 | B6: TAMBORA COSTEÑA | C6: IDEAL PARA INTERPRETAR RITMOS DE LA COSTA ATLÁNTICA COLOMBIANA Y OCASIONALMENTE PACÍFICA. LA TAMBORA HECHA CON EL CUERO CHIVA. EL TAMAÑO DE LA TAMBORA, TIENE UN PROMEDIO DE 70 CENTÍMETROS Y EL ANCHO 60 CENTÍMETROS. TAMBORA ES ELABORADA CON MADERAS TROPICALES COMO LA CEIBA Y EL BANCO. | D6: UNIDAD | E6: 1 | F6: 283500
A7: 3 | B7: TAMBOR ALEGRE | C7: TAMBIÉN LLAMADO TAMBOR HEMBRA DENTRO DE ESTE FORMATO ATLÁNTICO, CON TODO EL ESPÍRITU AFRICANO PALPITANDO EN SU INTERIOR. POSEE UN SOLO PARCHE EN LA BOCA SUPERIOR, TIENE FORMA DE CONO TRUNCADO, DE UNOS 70 CM DE ALTO, UNOS 28 DE DIÁMETRO SUPERIOR Y 25 DE DIÁMETRO INFERIOR.1 SE FABRICA CON TRONCO DE ÁRBOL, CUERO DE LA PIEL DE ANIMAL COMO PARCHE Y SE ENSAMBLA CON ATADURAS O AROS DE ALAMBRE. SE TENSIONA CON CUERDAS Y CUÑAS DE MADERA. | D7: UNIDAD | E7: 1 | F7: 288000
A8: 4 | B8: PANDERETA | C8: ELABORADA EN MADERA CON CUERO TEMPLADO Y SONAJAS DE LATA, MEDIDAS APROX. 15 CMS DE DIÁMETRO. | D8: UNIDAD | E8: 1 | F8: 31850
A9: 5 | B9: GAITAS HEMBRA | C9: GAITA HEMBRA EN MADERA DEL CARIBE COLOMBIANO | D9: UNIDAD | E9: 1 | F9: 66000
A10: 6 | B10: GAITAS MACHO | C10: GAITA MACHO EN MADERA DEL CARIBE COLOMBIANO | D10: UNIDAD | E10: 1 | F10: 66000
A11: 7 | B11: GUITARRA ACUSTICA GRANDE | C11: GUITARRA ACUSTICA GRANDE EN MADERA | D11: UNIDAD | E11: 1 | F11: 236500
A12: 8 | B12: REDOBLANTE | C12: REDOBLANTE METALICO DE 14" CON PARCHE DE ACETATO | D12: UNIDAD | E12: 1 | F12: 236150
A13: 9 | B13: BATERIA | C13: BATERÍA 5 PIEZAS, CON BOMBO 18X12, REDOBLANTE 13X5, TOM DE AIRE 1 10X7, TOM DE AIRE 2 12X8,TOM DE PISO 14X10, CON BASE PARA PLATILLOS, BASE PARA HI-HAT, BASE DE REDOBLANTE, PEDAL, SILLA PARA EL BATERISTA, HI-HATS DE 14", CRASH DE 16" Y HARDWARE, CON BASES FUERTES, ALTURA Y ÁNGULO AJUSTABLE. | D13: UNIDAD | E13: 1 | F13: 2082000
A14: 10 | B14: GUITARRA ELECTRICA Y ESTUCHE | C14: GUITARRA ELÉCTRICA ESTILO STRATO DE CUERPO SOLIDO, DIAPASÓN PALO DE ROSA, DE SEIS CUERDAS, CON DOS CONTROLES (VOLUMEN Y TONO), CON UN TAMAÑO DE 39", DE 22 TRASTES, CON CABLE Y CORREA. ESTUCHE SEMIDURO. | D14: UNIDAD | E14: 1 | F14: 852672
A15: 11 | B15: BAJO ELÉCTRICO Y ESTUCHE | C15: BAJO ELÉCTRICO ESTILO JAZZ BASS DE CUERPO DE ALISO, DE 4 CUERDAS, CON DOS CONTROLES (VOLUMEN Y TONO), CON LONGITUD DE LA ESCALA: 864CM (ESCALA LARGA) , CON ANCHO DE LA CEJILLA: 40MM, 1 PASTILLA DE BOBINA DIVIDIDA, 1 PASTILLA DE BOBINA SIMPLE, DE 24 TRASTES, CON CABLE Y CORREA. | D15: UNIDAD | E15: 1 | F15: 1208500
A16: 12 | B16: TECLADO SENSIBLE Y BASE | C16: TECLADO U ORGANETA DE TECLA SENSIBLE A LA VELOCIDAD DE 61 TECLAS, DE 5 OCTAVAS, 622 VOCES DE ALTA CALIDAD CON MUESTREO MEJORADO, 48 NOTAS DE POLIFONÍA, EFECTOS DSP Y 205 ESTILOS DE AUTO ACOMPAÑAMIENTO,150 TIPOS DE ARPEGIO, 26 TIPOS DE ARMONIZACIÓN, BASE METÁLICA Y ESTUCHE SEMIDURO. | D16: UNIDAD | E16: 1 | F16: 1436564
... A29: 25 | B29: CAJON INSTRUMENTO | C29: INSTRUMENTO MUSICAL ELABORADO EN MADERA EN FORMA DE CAJA. DIMENSIONES APROXIMADAS DE:​ ALTO: 50 CM​ ANCHO: 30 CM.​ FONDO: 30 CM.​ | D29: Unidad | E29: 1 | F29: 339500
A30: TOTAL PROCESO SDIS LOTE 4 | F30: =SUM(F5:F29) -> 7848036 | G30: =SUM(G5:G29) -> 0
A32: NOTA 1: | B32: Para presentar la propuesta de forma correcta, se deberá diligenciar la pestaña denominada "ANEXO PROPUESTA ECONOMICALOTE4", "LA COLUMNA F" contiene los valores techo por cada uno de los ítems ; En LA COLUMNA G" se debe diligenciar el valor unitario ofertado, los cuales no podrán ser superados so pena de rechazo de la propuesta, los valores ofertados, deben incluir impuestos, IVA INCLUIDO, tasas y contribuciones a que haya lugar, así como todos los costos directos e indirectos relacionados con la suscripción, ejecución y liquidación del contrato.
A33: NOTA 2: | B33: Para diligenciar la propusta economica tener en cuenta que se debe revisar el Anexo tecnico de cada una de las especificaciones de los productos.
A34: NOTA 3: | B34: El diligenciamiento de la propuesta económica debe hacerse con valores enteros, sin decimales ni valores ocultos. En caso que la entidad identifique valores con decimales o valores ocultos, aplicara la regla de redondeo que consiste en: los valores que contengan decimales menores o iguales a 0,49 serán aproximados al entero inmediatamente anterior; los valores que contengan decimales mayores o iguales a 0,50 serán aproximados al entero inmediatamente siguiente. En el caso en que los valores ajustados bajo esta regla superen el "Total valor estimado por la entidad", la propuesta será rechazada.
A35: NOTA 4: | B35: El proponente deberá diligenciar los datos completos de la empresa este se diligenciarán en la parte inferior del "ANEXO PROPUESTA ECONOMICALOTE1" , el cual es el que debe presentar el proponente finalmente, como “ANEXO OFERTA ECONÓMICA”
A36: NOTA 5: | B36: En caso que sea necesario, la entidad se reserva el derecho a hacer correcciones aritméticas en las fórmulas u operaciones matematicas, valores de la propuesta que seran aceptados por los proponentes. En el caso en que los valores ajustados bajo esta regla superen el "Total valor estimado por la entidad", la propuesta será rechazada.
A37: NOTA 6: | B37: EL PRESENTE CONTRATO SE EJECUTARA A MONTO AGOTABLE TENIENDO EN CUENTA LAS CANTIDADES ESTABLECIDAS EN EL DOCUMENTO "ANEXO TECNICO" Y SEGÚN SOLICITUD DURANTE LA EJECUCION DEL CONTRATO, POR TANTO ESTA PROPUESTA ECONOMICA SE SOLICITA A PRECIO UNITARIO.
A38: NOTA 7: | B38: En caso que el oferente presente valores diferentes para un mismo elemento la propuesta sera rechazada.
A39: =+'ANEXO PROPUESTA ECONOMICALOTE1 '!A163 -> EL PRESUPUESTO OFICIAL PARA LA PRESENTE CONTRATACION CORRESPONDE A LA SUMA DE SETECIENTOS SETENTA Y CUATRO MILLONES QUINIENTOS SESENTA Y CINCO MIL CUATROCIENTOS TREINTA Y CINCO PESOS ($774.565.435) M/CTE
A40: =+'ANEXO PROPUESTA ECONOMICALOTE1 '!A164 -> Firma del representante legal:
A41: =+'ANEXO PROPUESTA ECONOMICALOTE1 '!A165 -> Nombre o Razón Social del Proponente:
A42: =+'ANEXO PROPUESTA ECONOMICALOTE1 '!A166 -> Nombre del representante legal: __________________________
A43: =+'ANEXO PROPUESTA ECONOMICALOTE1 '!A167 -> N.I.T: ___________
A44: =+'ANEXO PROPUESTA ECONOMICALOTE1 '!A168 -> C.C: ____________________
A45: =+'ANEXO PROPUESTA ECONOMICALOTE1 '!A169 -> Dirección: _______________________________________________
A46: =+'ANEXO PROPUESTA ECONOMICALOTE1 '!A170 -> Teléfonos: ______________________________________________
A47: =+'ANEXO PROPUESTA ECONOMICALOTE1 '!A171 -> e-mail: _________________________________________________

Sheet ANEXO PROPUESTA ECONOMICALOTE5
A1: VALOR UNITARIO NORMALIZADO. PROMEDIO DE LAS COTIZACIONES
A2: ALCALDIA LOCAL DE CUIDAD BOLIVAR -FDLCB
A3: ANEXO PROPUESTA ECONOMICA LOTE 5 MOBILIARIOS Y OTROS
A4: ITEM | B4: PRODUCTO O SERVICIO | C4: ESPECIFICACION TECNICA | D4: UNIDAD DE MEDIDA A COTIZAR | E4: CANTIDAD A COTIZAR | F4: VALOR UNITARIO TECHO (IVA INCLUIDO) | G4: VALOR UNITARIO OFERTADO (IVA INCLUIDO)
A5: 1 | B5: MESA PLÁSTICA | C5: MESA BLANCA PEQUEÑA, CUADRADA EN PLASTICO DE GRAN RESISTENCIA Y CALIDAD, ACABADOS BIEN DEFINIDOS. SUPERFICIE LISA, DE FACIL LIMPIEZA Y QUE BRINDE SEGURIDAD. MEDIDAS APROXIMADAS: 72x72x72 CM | D5: UNIDAD | E5: 1 | F5: 62773
A6: 2 | B6: SILLA PLÁSTICA ADULTO SIN BRAZOS | C6: MATERIAL POLIPROPILENO DE GRAN RESISTENCIA Y CALIDAD. SIN BRAZOS, ERGONOMICA, APILABLE, COLOR BLANCO, DE FACIL LIMPIEZA. MEDIDAS MINIMAS: LARGO 60 Cm, ANCHO 57 CM, ALTO 80 Cm. RESISTENCIA PESO: 140 kl. | D6: Unidad | E6: 1 | F6: 35591
A7: 3 | B7: SILLAS PLÁSTICAS PARA NIÑOS CON BRAZOS | C7: SILLA PLASTICA LINEA INFANTIL DE GRAN RESISTENCIA, CALIDAD Y DURABILIDAD, CON BRAZOS, QUE SEA ESTABLE, COMODA Y ERGONOMICA. PARA USO DE NIÑOS ENTRE 1 AÑO A 12 AÑOS DE EDAD. | D7: Unidad | E7: 1 | F7: 18000
A8: 4 | B8: SILLAS ESCRITORIOS CON ANTEBRAZOS | C8: SILLA GERENCIAL CON ANTEBRAZOS PISTON NEUMATICO PARA CUADRAR EN ALTURA, QUE SE ACCIONA A TRAVÉS DE UNA PALANCA MECÁNICA. ESPALDAR FIJO. MATERIAL DE LA TELA: ECOCUERO MATERIAL DEL RELLENO: ESPUMA DE ALTA DENSIDAD 5 RUEDAS GIRATORIAS | D8: UNIDAD | E8: 1 | F8: 133403
A9: 5 | B9: MESAS PLÁSTICAS PARA NIÑOS | C9: MESA CUADRADA EN PLASTICO DE GRAN RESISTENCIA Y CALIDAD, ACABADOS BIEN DEFINIDOS. SUPERFICIE LISA, DE FACIL LIMPIEZA Y QUE BRINDE SEGURIDAD. PARA USO DE NIÑOS ENTRE 1 Y 6 AÑOS. | D9: UNIDAD | E9: 1 | F9: 60000
A10: 6 | B10: BALANZA GRAMERA CON CAPACIDAD DE 1000 Grs A 5000Grs | C10: CARACTERÍSTICAS: TIPO ELECTRÓNICA, EN SU TOTALIDAD ACERO INOXIDABLE, QUE PERMITA LIMPIEZA Y DESINFECCIÓNR CON TODOS LOS AGENTES DE USO COMERCIAL. QUE INCLUYA ADAPTADOR DE CORRIENTE Y BATERIAS RECARGABLES CON CARGADOR | D10: UNIDAD | E10: 1 | F10: 63500
A11: 7 | B11: ARMARIO PLÁSTICO | C11: ARMARIO EN POLIPROPILENO DE ALTA RESISTENCIA, COLOR GRIS, 2 PUERTAS, DESMONTABLES 4 ENTREPAÑOS, ACABADOS DE CALIDAD. MEDIDAS MINIMAS: 65 cm * 45 cm * 182 cms. MANIJAS VERTICALES. RESISTENCIA MINIMA 25 KL. GRANTIA: 1 AÑO. SE DEBE ENTREGAR ALCLADO A PRED PARA SEGURIDAD DE LOS NIÑOS Y NIÑAS. | D11: UNIDAD | E11: 1 | F11: 415000
A12: 8 | B12: TABLERO ACRÍLICO CON TRIPODE | C12: Medida 120x100cms colo blanco con cuadrícula y en MDF de 9mm, con marco | D12: Unidad | E12: 1 | F12: 206315
A13: TOTAL PROCESO SDIS LOTE 5 | F13: =SUM(F5:F12) -> 994582 | G13: =SUM(G5:G12) -> 0
A15: NOTA 1: | B15: Para presentar la propuesta de forma correcta, se deberá diligenciar la pestaña denominada "ANEXO PROPUESTA ECONOMICALOTE5", "LA COLUMNA F" contiene los valores techo por cada uno de los ítems ; En LA COLUMNA G" se debe diligenciar el valor unitario ofertado, los cuales no podrán ser superados so pena de rechazo de la propuesta, los valores ofertados, deben incluir impuestos, IVA INCLUIDO, tasas y contribuciones a que haya lugar, así como todos los costos directos e indirectos relacionados con la suscripción, ejecución y liquidación del contrato.
A16: NOTA 2: | B16: Para diligenciar la propusta economica tener en cuenta que se debe revisar el Anexo tecnico de cada una de las especificaciones de los productos.
A17: NOTA 3: | B17: El diligenciamiento de la propuesta económica debe hacerse con valores enteros, sin decimales ni valores ocultos. En caso que la entidad identifique valores con decimales o valores ocultos, aplicara la regla de redondeo que consiste en: los valores que contengan decimales menores o iguales a 0,49 serán aproximados al entero inmediatamente anterior; los valores que contengan decimales mayores o iguales a 0,50 serán aproximados al entero inmediatamente siguiente. En el caso en que los valores ajustados bajo esta regla superen el "Total valor estimado por la entidad", la propuesta será rechazada.
A18: NOTA 4: | B18: El proponente deberá diligenciar los datos completos de la empresa este se diligenciarán en la parte inferior del "ANEXO PROPUESTA ECONOMICALOTE1" , el cual es el que debe presentar el proponente finalmente, como “ANEXO OFERTA ECONÓMICA”
A19: NOTA 5: | B19: En caso que sea necesario, la entidad se reserva el derecho a hacer correcciones aritméticas en las fórmulas u operaciones matematicas, valores de la propuesta que seran aceptados por los proponentes. En el caso en que los valores ajustados bajo esta regla superen el "Total valor estimado por la entidad", la propuesta será rechazada.
A20: NOTA 6: | B20: EL PRESENTE CONTRATO SE EJECUTARA A MONTO AGOTABLE TENIENDO EN CUENTA LAS CANTIDADES ESTABLECIDAS EN EL DOCUMENTO "ANEXO TECNICO" Y SEGÚN SOLICITUD DURANTE LA EJECUCION DEL CONTRATO, POR TANTO ESTA PROPUESTA ECONOMICA SE SOLICITA A PRECIO UNITARIO.
A21: NOTA 7: | B21: En caso que el oferente presente valores diferentes para un mismo elemento la propuesta sera rechazada.
A22: =+'ANEXO PROPUESTA ECONOMICALOTE1 '!A163 -> EL PRESUPUESTO OFICIAL PARA LA PRESENTE CONTRATACION CORRESPONDE A LA SUMA DE SETECIENTOS SETENTA Y CUATRO MILLONES QUINIENTOS SESENTA Y CINCO MIL CUATROCIENTOS TREINTA Y CINCO PESOS ($774.565.435) M/CTE
A23: =+'ANEXO PROPUESTA ECONOMICALOTE1 '!A164 -> Firma del representante legal:
A24: =+'ANEXO PROPUESTA ECONOMICALOTE1 '!A165 -> Nombre o Razón Social del Proponente:
A25: =+'ANEXO PROPUESTA ECONOMICALOTE1 '!A166 -> Nombre del representante legal: __________________________
A26: =+'ANEXO PROPUESTA ECONOMICALOTE1 '!A167 -> N.I.T: ___________
A27: =+'ANEXO PROPUESTA ECONOMICALOTE1 '!A168 -> C.C: ____________________
A28: =+'ANEXO PROPUESTA ECONOMICALOTE1 '!A169 -> Dirección: _______________________________________________
A29: =+'ANEXO PROPUESTA ECONOMICALOTE1 '!A170 -> Teléfonos: ______________________________________________
A30: =+'ANEXO PROPUESTA ECONOMICALOTE1 '!A171 -> e-mail: _________________________________________________

Sheet ANEXO PROPUESTA ECONOMICALOTE6
A1: VALOR UNITARIO NORMALIZADO. PROMEDIO DE LAS COTIZACIONES
A2: ALCALDIA LOCAL DE CUIDAD BOLIVAR -FDLCB
A3: ANEXO PROPUESTA ECONOMICA LOTE 6 ELECTRODOMÉSTICOS Y/O EQUIPOS DE COMPUTO
A4: ITEM | B4: PRODUCTO O SERVICIO | C4: ESPECIFICACION TECNICA | D4: UNIDAD DE MEDIDA A COTIZAR | E4: CANTIDAD A COTIZAR | F4: VALOR UNITARIO TECHO (IVA INCLUIDO) | G4: VALOR UNITARIO OFERTADO (IVA INCLUIDO)
A5: 1 | B5: MICRÓFONO CON BASE | C5: MICRÓFONO FORMATO: DE MANO. CONECTOR/ES DE SALIDA: XLR. FRECUENCIA MÁXIMA: 15000HZ. FRECUENCIA MÍNIMA: 50HZ.BASE MICRÓFONO K&M 25400. BASE PARA MICRÓFONO DE 3 PATAS CON PUNTAS EN GOMA. ALTURA: 89,9 CM HASTA 106 CM. BOOM: ACERO. DIMENSIONES BOOM: LONGITUD DE 68 CM. COLOR: NEGRO. | D5: UNIDAD | E5: 1 | F5: 161935
A6: 2 | B6: VIDEOPROYECTOR | C6: RESOLUCIÓN: HD. BRILLO/LUMENS: MÍNIMO 3,300 ENTRADAS: PUERTO HDMI, PUERTO USB, PUERTO USB, PUERTO VGA.NOTA: EL PROVEEDOR DEBE GARANTIZAR LA INSTALACIÓN DEL VIDEOPROYECTOR EN LA UNIDAD OPERATIVA INDICADA | D6: UNIDAD | E6: 1 | F6: 2151400
A7: 3 | B7: PANTALLA TELÓN DE PROYECCIÓN ELÉCTRICO | C7: SUPERFICIE DE COLOR BLANCO MATE QUE PERMITE CONSERVAR LA RESOLUCIÓN Y LUMINOSIDAD DEL VIDEO PROYECTOR. BORDES Y RESPALDO EN COLOR NEGRO PARA OBTENER UN MAYOR CONTRASTE Y GANANCIA DE IMAGEN | D7: UNIDAD | E7: 1 | F7: 1196000
A8: 4 | B8: TELEVISOR | C8: TELEVISOR PANTALLA PLANA, RESOLUCIÓN 1.920 X 1.080, TAMAÑO DE PANTALLA 49” (PULGADAS), TIPO DE PANTALLA: FULL HD, AUDIO DOLBY DIGITAL PLUS, TIPO DE TECNOLOGÍA SMART TV; ENTRADA HDMI 2, MÍNIMO UNA ENTRADA USB. CON SOPORTE TV AJUSTABLE 49-63 PULGADAS SMART TV LED LCD CON DOBLE BRAZO EXTENSIBLE HASTA 63CM. UNA EXTENSIÓN ELÉCTRICA CALIBRE 14 DE MÍNIMO TRES METROS Y TRES SALIDAS CON POLO A TIERRA, MATERIAL PVC Y COBRE, CON CERTIFICACIÓN RETEI. NOTA: EL PROVEEDOR DEBE GARANTIZAR LA INSTALACIÓN DEL TELEVISOR EN LA UNIDAD OPERATIVA INDICADA | D8: UNIDAD | E8: 1 | F8: 2540000
A9: 5 | B9: LAVADORA SECADORA | C9: LAVADORA SECADORA CON CAPACIDAD DE LAVADO 20 KG Y SECADO 11 KG. CARGA FRONTAL, PANEL LED, COLOR TIPO ACERO INOX, TINA EN ACERO INOXIDABLE, SISTEMA DE LAVADO 6MOTIONDD Y SMART THINQ DIMENSIONES APROXIMADAS 10\%+/-70\times99\times77 (ANCHO X ALTO X FONDO) CM. GARANTIA MINIMA DE 18 MESES. | D9: Unidad | E9: 1 | F9: 4495000
A10: 6 | B10: LICUADORA FAMILIAR | C10: LICUADORA CLASICA CONTROL GIRATORIO DE 3 VELOCIDADES, VASO DE VIDRIO CON CAPACIDAD DE 1,25 LITROS REFRACTARIO BOROCLASS®, RESISTE CAMBIOS BRUSCOS DE TEMPERATURA CUCHILLA PICAHIELO DE ACERO INOXIDABLE SISTEMA DE ACOPLE TOTALMENTE METALICO ALL-METAL DRIVE®, DE MÁXIMA DURABILIDAD. MOTOR DE 600 WATTS Y ACABADO CROMADO GARANTIA MINIMA DE 18 MESES | D10: Unidad | E10: 1 | F10: 350714
A11: 7 | B11: LICUADORA INDUTRIAL | C11: LICUADORAS INDUTRIALEN ACERO INOXIDABLE 304 ANTI -ÁCIDO CON MOTOR TRIFÁSICO CAPACIDAD 100 LITROS, POTENCIA 7HP, VASO ABATIBLE, VASO CON DRENAJE REGISTRO 1 PULGADA Y MEDIA, VOLTAJE 3 FASES - 220 VOLTIOS, VELOCIDAD 3600 RPM. | D11: Unidad | E11: 1 | F11: 15882500
A12: 8 | B12: COMPUTADOR TODO EN UNO (AIO) | C12: EQUIPO CON DISCO SÓLIDO DE MÍNIMO 1TERA 4500 AVANZADA NA SSD 1 TB; MÍNIMO 8 CORES 16 HILOS A NIVEL DE PROCESADOR; PCLE MEMORIA RAM DE MÍNIMO 32 GB; CÁMARA HD; MICRÓFONO; PANTALLA DE 23.8 PULGADAS; SO (SISTEMA OPERATIVE): WINDOWS 11 PRO 64 BITS UNIDAD ÓPTICA INTERNA, DVD/CD +/- R RW MIN 32X PARA 23.8PULGADAS;TARJETA DE RED INALAMBRICA PCIE 802.11 AC 2X2; TARJETA GRÁFICA: TIPO GDDR3 O SUPERIOR DE 1GB Y VELOCIDADES DE 3 GHZ O SUPERIOR; DIADEMA CON MICRÓFONO; TECLADO, MOUSE SERVICIO GARANTÍA MÍNIMO DE 3; AÑOS; ETP VALOR UNITARIO POR ETP CON CERTIFICACIONES AMBIENTALES EPEAT SILVER Y ENERGY STAR 3.0; ENERGY STAR 8.X O SUPERIOR - CPU Y MONITOR (N/A CUANDO EL SISTEMA OPERATIVO ES LINUX) O CHINA CERTIFICATE FOR ENERGY CONSERVATION PRODUCT O ECODESIGN AND ENERGY LABELLING. OFIMÁTICA COMO MÍNIMO OFFICE PRO PLUS 2019 STAND ALONE Y LAS LICENCIAS DE OFFICE SE SUGIEREN A PERPETUIDAD. ANTIVIRUS: SE SUGIERE NO INCLUIR SOLUCIÓN ANTIVIRUS Y REQUERIR LA ACTIVACIÓN DE WINDOWS DEFENDER PARA SISTEMAS OPERATIVOS PROFESSIONAL. | D12: UNIDAD | E12: 1 | F12: 2499500
A13: 9 | B13: ETP: IMPRESORA LÁSER O LED | C13: IMPRESORA LÁSER O LED - FORMATO DE IMPRESIÓN A4, MULTIFUNCIONAL, IMPRESIÓN BLANCO Y NEGRO, VOLUMEN MENSAUL RECOMENDADO MINIMO 3,000 PAGINAS, 32 PPM | D13: UNIDAD | E13: 1 | F13: 1096007
A14: 10 | B14: TELEVISOR SMART TV | C14: TELEVISOR DE PANTALLA 50” (PULGADAS), LED PLANO SMART TV, SINTONIZADOR DIGITAL DVB-T2, POTENCIA DE AUDIO 8 WATTS, CONECTIVIDAD: BLUETOOTH, USB, WIFI, MÍNIMO 3 ENTRADAS HDMI. CABLE COAXIAL CONSTA DE UN NÚCLEO DE HILO DE COBRE RODEADO POR UN AISLANTE (O DIELÉCTRICO), UN APANTALLAMIENTO O BLINDAJE DE METAL TRENZADO Y UNA CUBIERTA EXTERNA, NOTA: EL PROVEEDOR DEBE GARANTIZAR LA INSTALACIÓN DEL TELEVISOR EN LA UNIDAD OPERATIVA INDICADA | D14: UNIDAD | E14: 1 | F14: 2000000
A15: 11 | B15: CAIMANES | C15: "Juego de 10 cables de 26 cm con caimanes chicos .Lámina calibre 28. Acabado niquelado. Soportan hasta 3 A. 2,7 cm de largo x 1 cm de ancho 2 cables con caimanes verdes 2 cables con caimanes rojos 2 cables con caimanes negros 2 cables con caimanes amarillos 2 cables con caimanes blancos" | D15: Unidad | E15: 1 | F15: 13900
A16: 12 | B16: LICENCIA SISTEMA OPERATIVO | C16: las licencias de WIN 11 PRO OEM o superior 64 Bytes se sugieren a perpetuidad | D16: Unidad | E16: 1 | F16: 859587
A17: TOTAL PROCESO SDIS LOTE 6 | F17: =SUM(F5:F16) -> 33246543 | G17: =SUM(G5:G16) -> 0
A19: NOTA 1: | B19: Para presentar la propuesta de forma correcta, se deberá diligenciar la pestaña denominada "ANEXO PROPUESTA ECONOMICALOTE6", "LA COLUMNA F" contiene los valores techo por cada uno de los ítems ; En LA COLUMNA G" se debe diligenciar el valor unitario ofertado, los cuales no podrán ser superados so pena de rechazo de la propuesta, los valores ofertados, deben incluir impuestos, IVA INCLUIDO, tasas y contribuciones a que haya lugar, así como todos los costos directos e indirectos relacionados con la suscripción, ejecución y liquidación del contrato.
A20: NOTA 2: | B20: Para diligenciar la propusta economica tener en cuenta que se debe revisar el Anexo tecnico de cada una de las especificaciones de los productos.
A21: NOTA 3: | B21: El diligenciamiento de la propuesta económica debe hacerse con valores enteros, sin decimales ni valores ocultos. En caso que la entidad identifique valores con decimales o valores ocultos, aplicara la regla de redondeo que consiste en: los valores que contengan decimales menores o iguales a 0,49 serán aproximados al entero inmediatamente anterior; los valores que contengan decimales mayores o iguales a 0,50 serán aproximados al entero inmediatamente siguiente. En el caso en que los valores ajustados bajo esta regla superen el "Total valor estimado por la entidad", la propuesta será rechazada.
A22: NOTA 4: | B22: El proponente deberá diligenciar los datos completos de la empresa este se diligenciarán en la parte inferior del "ANEXO PROPUESTA ECONOMICALOTE1" , el cual es el que debe presentar el proponente finalmente, como “ANEXO OFERTA ECONÓMICA”
A23: NOTA 5: | B23: En caso que sea necesario, la entidad se reserva el derecho a hacer correcciones aritméticas en las fórmulas u operaciones matematicas, valores de la propuesta que seran aceptados por los proponentes. En el caso en que los valores ajustados bajo esta regla superen el "Total valor estimado por la entidad", la propuesta será rechazada.
A24: NOTA 6: | B24: EL PRESENTE CONTRATO SE EJECUTARA A MONTO AGOTABLE TENIENDO EN CUENTA LAS CANTIDADES ESTABLECIDAS EN EL DOCUMENTO "ANEXO TECNICO" Y SEGÚN SOLICITUD DURANTE LA EJECUCION DEL CONTRATO, POR TANTO ESTA PROPUESTA ECONOMICA SE SOLICITA A PRECIO UNITARIO.
A25: NOTA 7: | B25: En caso que el oferente presente valores diferentes para un mismo elemento la propuesta sera rechazada.
A26: =+'ANEXO PROPUESTA ECONOMICALOTE1 '!A163 -> EL PRESUPUESTO OFICIAL PARA LA PRESENTE CONTRATACION CORRESPONDE A LA SUMA DE SETECIENTOS SETENTA Y CUATRO MILLONES QUINIENTOS SESENTA Y CINCO MIL CUATROCIENTOS TREINTA Y CINCO PESOS ($774.565.435) M/CTE
A27: =+'ANEXO PROPUESTA ECONOMICALOTE1 '!A164 -> Firma del representante legal:
A28: =+'ANEXO PROPUESTA ECONOMICALOTE1 '!A165 -> Nombre o Razón Social del Proponente:
A29: =+'ANEXO PROPUESTA ECONOMICALOTE1 '!A166 -> Nombre del representante legal: __________________________
A30: =+'ANEXO PROPUESTA ECONOMICALOTE1 '!A167 -> N.I.T: ___________
A31: =+'ANEXO PROPUESTA ECONOMICALOTE1 '!A168 -> C.C: ____________________
A32: =+'ANEXO PROPUESTA ECONOMICALOTE1 '!A169 -> Dirección: _______________________________________________
A33: =+'ANEXO PROPUESTA ECONOMICALOTE1 '!A170 -> Teléfonos: ______________________________________________
A34: =+'ANEXO PROPUESTA ECONOMICALOTE1 '!A171 -> e-mail: _________________________________________________
